 Dungeon Crawl Stone Soup version 0.30.0-29-ga12c61a403 (webtiles) character file.

Game seed: 15319471591790573031

609 sweetbreads the Digger (level 7, -1/40 HPs)
             Began as a Gargoyle Earth Elementalist on June 7, 2023.
             Slain by Pikel
             ... wielding a +2 whip of freezing
              (3 damage)
             ... on level 4 of the Dungeon.
             The game lasted 00:19:06 (4489 turns).

sweetbreads the Digger (GrEE)                       Turns: 4489, Time: 00:19:06

Health: -1/40      AC:  7    Str: 11    XL:     7   Next: 43%
Magic:  2/10       EV: 12    Int: 18    God:
Gold:   230        SH:  0    Dex: 10    Spells: 2/10 levels left

rFire   . . .        o - +0 mace
rCold   . . .        (no shield)
rNeg    + . .        a - +0 robe
rPois   ∞            (no helmet)
rElec   +            (no cloak)
rCorr   .            n - +0 pair of gloves
SInv    .            (no boots)
Will    +....        l - amulet of regeneration
Stlth   ++           s - ring of willpower
HPRegen 1.06/turn    (no ring)
MPRegen 0.12/turn

%: no passive effects
@: no status effects
A: sickness immunity, AC +4, negative energy resistance 1, electricity
resistance, torment resistance 1, petrification resistance
a: no special abilities


You were on level 4 of the Dungeon.
You visited 1 branch of the dungeon, and saw 5 of its levels.

You collected 230 gold pieces.

Inventory:

Hand Weapons
 c - a +0 club
 o - a +0 mace (weapon)
 q - a +0 morningstar
Missiles
 t - 5 poisoned darts
Armour
 a - a +0 robe (worn)
 n - a +0 pair of gloves (worn)
Magical Staves
 y - a staff of fire
Jewellery
 l - an amulet of regeneration (around neck)
 s - a ring of willpower (left hand)
Scrolls
 i - a scroll of fear {unknown}
 k - a scroll of teleportation {unknown}
 p - 4 scrolls of poison {unknown}
 r - a scroll of enchant armour {unknown}
 u - a scroll of magic mapping {unknown}
 v - 2 scrolls of amnesia {unknown}
Potions
 b - a potion of magic
 d - a potion of curing
 e - 2 potions of flight
 f - 2 potions of might
 g - 2 potions of ambrosia
 m - 2 potions of attraction
 w - a potion of cancellation
 x - a potion of resistance
 z - a potion of mutation {unknown}


   Skills:
 * Level 2.7 Fighting
 * Level 2.6 Dodging
 - Level 4.0 Stealth
 - Level 2.0 Spellcasting
 * Level 2.7 Conjurations
 * Level 2.2 Transmutations
 + Level 6.7 Earth Magic


You had 2 spell levels left.
You knew the following spells:

 Your Spells              Type           Power      Damage    Failure   Level
a - Sandblast             Erth           52%        2d12      1%          1
b - Stone Arrow           Conj/Erth      36%        3d9       8%          3
c - Petrify               Tmut/Erth      17%        N/A       28%         4

Your spell library contained the following spells:

 Spells                   Type           Power      Damage    Failure   Level
 Passwall                 Tmut/Erth      14%        N/A       4%          2
 Ignite Poison            Fire/Tmut/Pois 4%         N/A       38%         3
 Sticky Flame             Conj/Fire      6%         2d3       71%         4
 Ignition                 Fire           0%         3d3       100%        8


Dungeon Overview and Level Annotations

Branches:
Dungeon (5/15)
 Temple: D:4-7

Altars:
Qazlal
Xom
The Shining One

Annotations:
D:4 Pikel
D:5 Ijyb


Innate Abilities, Weirdness & Mutations

You are immune to sickness and miasma.
Your stone body is resilient. (AC +4)
You are immune to poison.
You resist negative energy. (rN+)
You are resistant to electric shocks. (rElec)
You are resistant to unholy torment.
You are immune to petrification.


Message History

Pikel is moderately wounded.
Pikel hits you with a +2 whip of freezing.
Pikel freezes you.
Pikel hits you with a +2 whip of freezing!
Pikel freezes you.
Unknown command.
Casting: Sandblast (safe; 1% risk of failure)
Confirm with . or Enter, or press ? or * to list all spells.
Aiming: Sandblast (safe; 1% risk of failure)
Press: ? - help, Shift-Dir - straight line, f/p - Pikel
Aim: Pikel, wielding a +2 whip of freezing and wearing a +0 robe (moderately wounded, 79% to hit)
The blast of sand hits Pikel.
Pikel is moderately wounded.
Pikel closely misses you.
Unknown command.
Casting: Sandblast (safe; 1% risk of failure)
Confirm with . or Enter, or press ? or * to list all spells.
Aiming: Sandblast (safe; 1% risk of failure)
Press: ? - help, Shift-Dir - straight line, f/p - Pikel
Aim: Pikel, wielding a +2 whip of freezing and wearing a +0 robe (moderately wounded, 79% to hit)
The blast of sand hits Pikel but does no damage.
Pikel is moderately wounded.
Pikel hits you with a +2 whip of freezing.
Pikel freezes you.
Pikel hits you with a +2 whip of freezing!
Pikel freezes you.
* * * LOW HITPOINT WARNING * * *
Unknown command.
Okay, then.
Casting: Sandblast (safe; 1% risk of failure)
Confirm with . or Enter, or press ? or * to list all spells.
Aiming: Sandblast (safe; 1% risk of failure)
Press: ? - help, Shift-Dir - straight line, f/p - Pikel
Aim: Pikel, wielding a +2 whip of freezing and wearing a +0 robe (moderately wounded, 79% to hit)
The blast of sand hits Pikel but does no damage.
Pikel is moderately wounded.
Pikel hits you with a +2 whip of freezing!
* * * LOW HITPOINT WARNING * * *
Pikel freezes you.
You die...

.)...#
#######.###.K........#.#
.....# #.# #..5.≈._.≈.#.#
...###
#########.###5.K.......#.#
...#
#....................>....
...#
#.#######.###.....#.######
...# #.# #5# #.....#..#
#### #.# #5# #.###.##.##
#####.# #K# #.# #.# ..#
#.....# ###@###.###.# #.#
#.....#
#.....#.....###.####
####.....###
#.#.###.............
...........# #.#.# #....#
...).###...# #.#.# #.#..##
...........# #...# #.#....
......##.### #.### #.#..##
......##.# #.# #.#...#
.##...##.# #.##### #.#.#.#


You could see Pikel and 2 lemures.

Vanquished Creatures
  Pargi (D:3)
  2 lemures (D:3)
  Blork the orc (D:4)
  A crimson imp (D:3)
  A hound (D:4)
  2 orc priests
  Natasha (thrice) (D:3)
  Terence (D:3)
  A sleepcap (D:5)
  2 orc wizards (D:3)
  3 gnolls (D:3)
  An adder (D:2)
  2 ufetubi (D:4)
  A worm (D:2)
  8 orcs
  4 bats
  7 endoplasms
  6 giant cockroaches
  5 goblins
  6 hobgoblins
  4 jackals (D:3)
  8 quokkas
  4 ball pythons
  A frilled lizard (D:1)
  A goblin skeleton (D:3)
  A goblin zombie (D:3)
  A hobgoblin zombie (D:3)
  13 kobolds
  A kobold skeleton (D:3)
  2 kobold zombies (D:3)
  2 orc zombies (D:3)
  A rat (D:1)
97 creatures vanquished.

Notes
Turn   | Place    | Note
-------+----------+-------------------------------------------
     0 | D:1      | sweetbreads the Gargoyle Earth Elementalist began the quest
                  | for the Orb.
     0 | D:1      | Reached XP level 1. HP: 10/10 MP: 3/3
   296 | D:1      | Reached XP level 2. HP: 16/16 MP: 3/5
   343 | D:1      | Reached skill level 1 in Transmutations
   399 | D:2      | Reached skill level 4 in Earth Magic
   435 | D:2      | Reached XP level 3. HP: 20/20 MP: 1/6
   573 | D:2      | Reached skill level 1 in Fighting
  1200 | D:1      | Reached skill level 1 in Conjurations
  1431 | D:3      | Noticed Natasha
  1513 | D:3      | Reached XP level 4. HP: 25/25 MP: 3/7
  1875 | D:3      | Noticed Pargi
  1986 | D:3      | Killed Natasha
  2026 | D:3      | Reached XP level 5. HP: 22/30 MP: 2/8
  2244 | D:3      | Noticed Natasha
  2250 | D:3      | Killed Natasha
  2251 | D:3      | Reached skill level 5 in Earth Magic
  2272 | D:3      | Found a glowing golden altar of the Shining One.
  2396 | D:4      | Found a stormy altar of Qazlal.
  2574 | D:3      | Reached XP level 6. HP: 35/35 MP: 5/9
  2627 | D:3      | Killed Pargi
  2776 | D:3      | Found a shimmering altar of Xom.
  2808 | D:3      | Noticed Terence
  2820 | D:3      | Killed Terence
  3069 | D:3      | Noticed Natasha
  3072 | D:3      | Killed Natasha
  3073 | D:3      | Reached skill level 6 in Earth Magic
  3326 | D:4      | Noticed Pikel
  3441 | D:4      | Noticed Blork the orc
  3458 | D:3      | Learned a level 3 spell: Stone Arrow
  3463 | D:3      | Learned a level 4 spell: Petrify
  3650 | D:4      | Reached XP level 7. HP: 40/40 MP: 6/10
  4170 | D:5      | Entered Level 5 of the Dungeon
  4214 | D:5      | HP: 2/40 [orc priest/divine providence (12)]
  4327 | D:5      | Noticed Ijyb
  4483 | D:4      | Killed Blork the orc
  4489 | D:4      | HP: 2/40 [Pikel/+2 whip of freezing (9)]
  4489 | D:4      | Slain by Pikel

Illustrated notes

Levels and vault maps discovered:
D:1:      tarquinn_simple_flora_water_a, layout_loops_corners,
          minmay_heptomino_h4
D:2:      layout_basic, minmay_statues_item
D:3:      wad_woods_settlement, layout_basic, lemuel_crystal_altar,
          nicolae_tso_besieged_by_evil, small_statue_intersection,
          kennysheep_generic_room_15, uniq_natasha, uniq_pargi, uniq_terence
D:4:      layout_basic, mainiacjoe_overflow_tiny_flanked, serial_shops, shop,
          dk_noncrumbling_3, uniq_blork_the_orc, uniq_pikel
D:5:      layout_basic, mainiacjoe_overflow_surrounded_room,
          nicolae_overflow_hallway_of_the_gods, uniq_ijyb

Skill      XL: |  1  2  3  4  5  6  7 |
---------------+----------------------+-----
Transmutations | 1 2 |  2.2
Earth Magic    | 4 5 6 |  6.7
Fighting       | 1 2 |  2.7
Conjurations   | 1 2 |  2.7
Stealth        | 3 4 |  4.0
Dodging        | 2 |  2.6
Spellcasting   | |  2.0

Action                     |  1- 3 |  4- 6 |  7- 9 || total
---------------------------+-------+-------+-------++-------
  Melee: Mace              |     1 |    14 |     8 ||    23
         Punch             |       |       |     1 ||     1
   Cast: Sandblast         |    55 |    94 |    43 ||   192
    Use: Scroll            |       |       |     7 ||     7
         Potion            |       |       |     2 ||     2
   Stab: Sleeping          |       |     1 |       ||     1
 Armour: Robe              |     2 |    29 |     8 ||    39
  Dodge: Dodged            |     5 |    73 |    17 ||    95
